 Dungeon Crawl Stone Soup version 0.28.0 (webtiles) character file.

Game seed: 6290065422748183324

140 issech the Cudgeller (level 5, -1/53 HPs)
             Began as a Troll Monk on Feb 17, 2022.
             Succumbed to a gnoll sergeant's poison
             ... on level 2 of the Dungeon.
             The game lasted 00:04:39 (1505 turns).

issech the Cudgeller (Troll Monk)                   Turns: 1505, Time: 00:04:40

Health: -1/53      AC:  4    Str: 19    XL:     5   Next: 2%
Magic:  4/4        EV:  9    Int:  6    God:
Gold:   43         SH:  7    Dex: 14    Spells: 4/4 levels left

rFire   . . .      SeeInvis .   f - +3 whip
rCold   . . .      Faith    .   j - +0 kite shield
rNeg    . . .      Spirit   .   b - +0 robe
rPois   .          Reflect  .   (helmet restricted)
rElec   .          Harm     .   (no cloak)
rCorr   .          Rampage  .   (gloves unavailable)
Will    .....                   (boots unavailable)
Stlth   ++........              (no amulet)
HPRegen 0.97/turn               (no ring)
MPRegen 0.09/turn               (no ring)

@: lethally poisoned (-1 -> -26)
A: large, unfitting armour, claws 3, regeneration 1, shaggy fur 1, tough skin 1
a: no special abilities


You were on level 2 of the Dungeon.
You visited 1 branch of the dungeon, and saw 2 of its levels.

You collected 43 gold pieces.

Inventory:

Hand Weapons
 a - a +0 mace
 f - a +3 whip (weapon)
Missiles
 c - 51 stones (quivered)
 l - 19 bolts
 m - 15 sling bullets
Armour
 b - a +0 robe (worn)
 j - a +0 kite shield (worn)
Scrolls
 h - a scroll of identify {unknown}
 k - 3 scrolls of enchant weapon {unknown}
Potions
 d - a potion of degeneration {unknown}
 e - a potion of haste {unknown}
 g - 2 potions of flight {unknown}
 i - a potion of berserk rage {unknown}


   Skills:
 + Level 3.1 Fighting
 + Level 3.7 Maces & Flails
 + Level 3.3 Dodging
 + Level 1.2 Stealth
 + Level 0.4 Shields


You had 4 spell levels left.
You didn't know any spells.
Your spell library was empty.

Dungeon Overview and Level Annotations

Branches:
Dungeon (2/15)

Altars:


Innate Abilities, Weirdness & Mutations

You are too large for most types of armour.
You have claws for hands.
Your natural rate of healing is unusually fast.
You are covered in fur. (AC +1)
You have tough skin. (AC +1)


Message History

The gnoll is moderately wounded.
The gnoll closely misses you.
You hit the gnoll.
The gnoll is severely wounded.
The gnoll hits you with a +0 halberd.
You hit the gnoll but do no damage.
The gnoll is severely wounded.
The gnoll hits you with a +0 halberd!
* * * LOW HITPOINT WARNING * * *
You block the gnoll's attack. You block the gnoll's attack.
You block the gnoll's attack.
You whack the gnoll!
You kill the gnoll!
You have reached level 5!
Things that are here:
a +0 halberd; a gnoll corpse You see here a +0 halberd.
Found a hand axe.
You open the door.
A gnoll sergeant comes into view. It is wielding a +4 spear of venom.
Found the +8 woodcutter's axe {vorpal}.
The gnoll sergeant shouts!
The gnoll sergeant hits you from afar with a +4 spear of venom!
You are poisoned.
There is an open door here.
You feel very sick.
The gnoll sergeant hits you with a +4 spear of venom.
You are more poisoned.
You hit the gnoll sergeant.
The gnoll sergeant is lightly wounded.
You feel very sick.
The gnoll sergeant hits you with a +4 spear of venom!
You whack the gnoll sergeant!
The gnoll sergeant is moderately wounded.
You feel very sick.
The gnoll sergeant hits you with a +4 spear of venom!
* * * LOW HITPOINT WARNING * * *
You are more poisoned.
You die...

##....### #.....'.#
#..[..### ######.....#
♣♣♣♣♣♣ #....#....##
♣♣...)♣
#....#..###♣♣♣..#####
#......##♣♣♣.)..#...#
#.##...#♣♣....♣.#...##
#.##....).......@.g).#
#.##...#♣♣)..♣..#...##
#.##...##♣♣♣....#...#
#.......## ♣♣♣..#####
#........# ♣♣)...♣
#........#### ♣♣♣♣♣♣
#...........#######
#.###.<.....>.....#
#........######'###


You could see a gnoll sergeant.

Vanquished Creatures
  Natasha (thrice) (D:2)
  An adder (D:2)
  2 gnolls (D:2)
  A dart slug (D:2)
  3 bats (D:1)
  5 endoplasms
  A giant cockroach (D:1)
  A goblin (D:1)
  2 hobgoblins (D:1)
  2 jackals (D:1)
  3 kobolds (D:1)
  3 quokkas (D:1)
  7 ball pythons
  2 rats (D:1)
36 creatures vanquished.

Notes
Turn   | Place    | Note
-------+----------+-------------------------------------------
     0 | D:1      | issech the Troll Monk began the quest for the Orb.
     0 | D:1      | Reached XP level 1. HP: 22/22 MP: 0/0
   180 | D:1      | Reached XP level 2. HP: 25/29 MP: 1/1
   556 | D:1      | Found a faded altar of an unknown god.
   951 | D:2      | Reached XP level 3. HP: 36/36 MP: 2/2
  1165 | D:2      | Noticed Natasha
  1178 | D:2      | Killed Natasha
  1179 | D:2      | Reached XP level 4. HP: 34/44 MP: 3/3
  1289 | D:2      | Noticed Natasha
  1299 | D:2      | Killed Natasha
  1334 | D:2      | Noticed Natasha
  1343 | D:2      | Killed Natasha
  1454 | D:2      | Reached XP level 5. HP: 49/53 MP: 4/4
  1500 | D:2      | Found the +8 woodcutter's axe {vorpal}
  1505 | D:2      | Succumbed to a gnoll sergeant's poison

Illustrated notes

Levels and vault maps discovered:
D:1:      dpeg_arrival_castle, layout_basic, shapermc_ecumenical_altar_pompeii
D:2:      layout_basic, pf_guarded_unrand_woodcutter, uniq_natasha

Skill      XL: |  1  2  3  4 |
---------------+-------------+-----
Maces & Flails | 3 |  3.7
Dodging        | 3 |  3.3
Fighting       | 3 |  3.1
Stealth        | |  1.2
Shields        | |  0.4

Action                   |  1- 3 |  4- 6 || total
-------------------------+-------+-------++-------
Melee: Mace              |    40 |       ||    40
       Punch             |     1 |       ||     1
       Whip              |    58 |    27 ||    85
 Stab: Sleeping          |     1 |       ||     1
Armor: Robe              |    66 |     2 ||    68
Dodge: Dodged            |    71 |     8 ||    79
Block: Kite shield       |    13 |    11 ||    24
